 Dungeon Crawl Stone Soup version 0.28.0-45-g0d030f2227 (webtiles) character file.

Game seed: 16625148612315626345

57 101zpm the Chiller (level 4, -3/30 HPs)
             Began as a Human Ice Elementalist on Apr 12, 2022.
             Was an Initiate of Vehumet.
             Blown up by Ijyb (13 damage)
             ... with a mindburst bolt
             ... on level 3 of the Dungeon.
             The game lasted 00:07:28 (2135 turns).

101zpm the Chiller (Human Ice Elementalist)         Turns: 2135, Time: 00:07:29

Health: -3/30      AC:  2    Str:  8    XL:     4   Next: 18%
Magic:  2/7        EV: 12    Int: 18    God:    Vehumet [......]
Gold:   28         SH:  0    Dex: 13    Spells: 6/7 levels left

rFire   . . .      SeeInvis .   e - +0 short sword
rCold   . . .      Faith    .   (no shield)
rNeg    . . .      Spirit   .   a - +0 robe
rPois   .          Reflect  .   (no helmet)
rElec   .          Harm     .   (no cloak)
rCorr   .          Rampage  .   (no gloves)
Will    .....                   (no boots)
Stlth   ++........              (no amulet)
HPRegen 0.10/turn               (no ring)
MPRegen 0.10/turn               (no ring)

@: very slightly contaminated
A: no striking features
a: Renounce Religion


You were on level 3 of the Dungeon.
You worshipped Vehumet.
Vehumet was noncommittal.
You visited 2 branches of the dungeon, and saw 5 of its levels.

You collected 28 gold pieces.

Inventory:

Hand Weapons
 c - a +0 club
 d - a +0 whip
 e - a +0 short sword (weapon)
 l - a +0 hand axe
Missiles
 k - 15 arrows
 m - 6 javelins
Armour
 a - a +0 robe (worn)
 n - +0 ice dragon scales
Scrolls
 b - a scroll of enchant weapon {unknown}
 f - a scroll of silence {unknown}
 g - a scroll of summoning {unknown}
 h - 2 scrolls of teleportation {unknown}
 i - a scroll of fear {unknown}
 o - a scroll of identify {unknown}
Potions
 j - 2 potions of heal wounds {unknown}


   Skills:
 + Level 0.2 Fighting
 + Level 0.8 Short Blades
 + Level 2.2 Dodging
 + Level 2.5 Stealth
 + Level 2.2 Spellcasting
 + Level 4.7 Ice Magic


You had 6 spell levels left.
You knew the following spells:

 Your Spells              Type           Power      Damage    Failure   Level
a - Freeze                Ice            76%        1d9       2%          1

Your spell library contained the following spells:

 Spells                   Type           Power      Damage    Failure   Level
 Frozen Ramparts          Ice            38%        1d5       8%          3
 Ozocubu's Armour         Ice            19%        N/A       8%          3
 Gell's Gravitas          Tloc           2%         N/A       47%         3
 Lesser Beckoning         Tloc           2%         N/A       47%         3
 Teleport Other           Tloc           2%         N/A       47%         3
 Hailstorm                Conj/Ice       10%        3d5       54%         4


Dungeon Overview and Level Annotations

Branches:
Dungeon (4/15)             Temple (1/1) D:4

Altars:
Ashenzari
Cheibriados
Dithmenos
Fedhas
Hepliaklqana
Kikubaaqudgha
Makhleb
Okawaru
Qazlal
Ru
Trog
Vehumet
Yredelemnul

Shops:
D:1 :

Annotations:
D:3 Ijyb, Sigmund


Message History

Ijyb the Twisted Goblin comes into view.
She is wielding a +0 club and carrying a wand of mindburst (16).
Found 10 gold pieces.
Ijyb shouts!
Aiming: Freeze (safe; 2% risk of failure)
Press: ? - help, Q - select action, (/) - cycle Shift-Dir - straight line, f - hobgoblin
Aim: a hobgoblin You freeze the hobgoblin.
The hobgoblin is severely wounded.
The hobgoblin completely misses you.
Aiming: Freeze (safe; 2% risk of failure)
Press: ? - help, Q - select action, (/) - cycle Shift-Dir - straight line, f/p - hobgoblin
Aim: a hobgoblin (severely wounded)
You miscast Freeze.
You are very lightly contaminated with residual magic.
Nothing appears to happen.
The hobgoblin hits you.
Aiming: Freeze (safe; 2% risk of failure)
Press: ? - help, Q - select action, (/) - cycle Shift-Dir - straight line, f/p - hobgoblin
Aim: a hobgoblin (severely wounded)
You freeze the hobgoblin.
You kill the hobgoblin!
Vehumet accepts your kill. Ijyb hits you but does no damage.
Sigmund the Dreaded comes into view.
He is wielding a +1 vorpal scythe and wearing a +2 robe of positive energy.
Aiming: Freeze (safe; 2% risk of failure)
Press: ? - help, Q - select action, (/) - cycle Shift-Dir - straight line, f - Ijyb
Aim: Ijyb, wielding a +0 club, wearing a +0 ring mail and carrying a wand of mindburst (16)
You freeze Ijyb.
Ijyb is lightly wounded.
Sigmund shouts!
Sigmund gestures at you while chanting. The puff of flame hits you!
Ijyb hits you with a +0 club.
Aiming: Freeze (safe; 2% risk of failure)
Press: ? - help, Q - select action, (/) - cycle Shift-Dir - straight line, f/p - Ijyb
Aim: Ijyb, wielding a +0 club, wearing a +0 ring mail and carrying a wand of mindburst (16) (lightly wounded)
You freeze Ijyb.
Ijyb is lightly wounded.
Ijyb zaps a wand.
Your mind is blasted!
Ijyb zaps a wand.
Your mind is blasted!
You die...

#.##.#.# #.##.#.# ## #
#.##...# ..###. #.###..#
###.#.######## #.###..#
#.......##...###>.....#
###.......#.†..........##
#.........#.....########
..#...g.@.......#
#@$...†...##...##
##........######
#........# ......#####
.#.##. # #. #


You could see Sigmund and Ijyb.

Vanquished Creatures
  2 adders (D:2)
  A dart slug (D:3)
  2 ball pythons (D:1)
  7 endoplasms (D:1)
  2 giant cockroaches
  3 goblins
  4 hobgoblins
  A quokka (D:1)
  3 bats
  A frilled lizard (D:1)
  2 kobolds (D:1)
  6 rats (D:1)
34 creatures vanquished.

Notes
Turn   | Place    | Note
-------+----------+-------------------------------------------
     0 | D:1      | 101zpm the Human Ice Elementalist began the quest for the
                  | Orb.
     0 | D:1      | Reached XP level 1. HP: 13/13 MP: 3/3
   205 | D:1      | Reached XP level 2. HP: 19/19 MP: 0/5
   785 | D:1      | Reached XP level 3. HP: 16/24 MP: 6/6
   988 | D:1      | Found Kiuhud's Book Emporium.
  1859 | D:2      | Reached XP level 4. HP: 29/30 MP: 2/7
  1997 | D:4      | Found a staircase to the Ecumenical Temple.
  2006 | Temple   | Entered the Ecumenical Temple
  2059 | Temple   | Became a worshipper of Vehumet
  2127 | D:3      | Noticed Ijyb
  2132 | D:3      | Noticed Sigmund
  2135 | D:3      | Blown up by Ijyb

Illustrated notes

Levels and vault maps discovered:
D:1:      mrwooster_arrival_statue_2, layout_loops_ring, serial_shops,
          nicolae_shop_stone
D:2:      layout_basic, hellmonk_ecumenical_altar_inner_sanctum,
          kennysheep_boxes
D:3:      layout_loops_cross, kennysheep_path_1, uniq_sigmund, uniq_ijyb
D:4:      layout_loops_corners, grunt_temple_overflow_opulence,
          minmay_temple_entry_mist, ebering_ghost_rock_garden, hex_tiny,
          uniq_duvessa
Temple:   cyrus_circular_temple

Action                   |  1- 3 |  4- 6 || total
-------------------------+-------+-------++-------
Melee: Short sword       |    29 |       ||    29
       Punch             |     1 |       ||     1
 Cast: Freeze            |    34 |     7 ||    41
 Stab: Sleeping          |     4 |       ||     4
Armor: Robe              |    10 |     3 ||    13
Dodge: Dodged            |    39 |     1 ||    40
